% Time on Ice - LOS ANGELES SEALS
Lines # - Real PCT - Wanted PCT - Time Play
Normal Forward
1 - 33% - 36% - 15:22
2 - 33% - 34% - 15:04
3 - 25% - 16% - 11:33
4 - 9% - 14% - 3:56
Normal Defense
1 - 36% - 36% - 16:38
2 - 33% - 31% - 15:15
3 - 26% - 23% - 12:03
4 - 4% - 10% - 1:59
PP Forward
1 - 44% - 55% - 1:49
2 - 56% - 45% - 2:21
PP Defense
1 - 49% - 55% - 2:02
2 - 51% - 45% - 2:08
PK Forward
1 - 57% - 55% - 4:33
2 - 43% - 45% - 3:23
PK Defense
1 - 51% - 55% - 4:03
2 - 49% - 45% - 3:53
PK3 Forward
1 - 0% - 55%
2 - 0% - 45%
PK3 Defense
1 - 0% - 55%
2 - 0% - 45%
44 Forward
1 - 61% - 55% - 1:13
2 - 39% - 45% - 0:46
44 Defense
1 - 39% - 55% - 0:46
2 - 61% - 45% - 1:13
Last Minute Offensive  - 0:00
Last Minute Defensive  - 0:00
Total
Forward - 60:00
Defense - 60:00
% Time on Ice - COLORADO GLACIERCATS
Lines # - Real PCT - Wanted PCT - Time Play
Normal Forward
1 - 31% - 35% - 14:26
2 - 32% - 35% - 14:37
3 - 24% - 25% - 11:04
4 - 13% - 5% - 5:48
Normal Defense
1 - 38% - 43% - 17:27
2 - 32% - 35% - 14:38
3 - 30% - 22% - 13:50
4 - 0% - 0% - 0:00
PP Forward
1 - 54% - 60% - 4:16
2 - 46% - 40% - 3:40
PP Defense
1 - 54% - 55% - 4:15
2 - 46% - 45% - 3:41
PK Forward
1 - 39% - 50% - 1:37
2 - 61% - 50% - 2:33
PK Defense
1 - 58% - 55% - 2:26
2 - 42% - 45% - 1:44
PK3 Forward
1 - 0% - 55%
2 - 0% - 45%
PK3 Defense
1 - 0% - 50%
2 - 0% - 50%
44 Forward
1 - 48% - 50% - 0:57
2 - 52% - 50% - 1:02
44 Defense
1 - 39% - 50% - 0:46
2 - 61% - 50% - 1:13
Last Minute Offensive  - 0:00
Last Minute Defensive  - 0:00
Total
Forward - 60:00
Defense - 60:00
Play-by-Play 1st period 0:01 of 1st period - Gerald Mayhew wins face-off versus Logan Couture in neutral zone. 0:21 of 1st period - Shot by Logan Couture. 0:21 of 1st period - Stopped by Pekka Rinne without a rebound. 0:22 of 1st period - Mark Scheifele wins face-off versus Zach Aston-Reese in COLORADO GLACIERCATS zone. 0:31 of 1st period - Shot by Mark Scheifele. 0:31 of 1st period - Stopped by Pekka Rinne without a rebound. 0:32 of 1st period - Adam Lowry wins face-off versus Lucas Wallmark in COLORADO GLACIERCATS zone. 0:33 of 1st period - Shot by Mathieu Perreault. 0:33 of 1st period - Stopped by Pekka Rinne without a rebound. 0:34 of 1st period - Lucas Wallmark wins face-off versus Jake DeBrusk in COLORADO GLACIERCATS zone. 0:58 of 1st period - Icing by Ryan Ellis. 0:59 of 1st period - Lucas Wallmark wins face-off versus Mark Scheifele in COLORADO GLACIERCATS zone. 1:12 of 1st period - Lucas Wallmark is hit by Andreas Johnsson and loses puck. 1:17 of 1st period - Shot by Mark Scheifele. 1:17 of 1st period - Stopped by Pekka Rinne with a rebound. 1:19 of 1st period - Shot by Andreas Johnsson. 1:19 of 1st period - Stopped by Pekka Rinne without a rebound. 1:20 of 1st period - Adam Lowry wins face-off versus Brayden Schenn in COLORADO GLACIERCATS zone. 1:47 of 1st period - Shot by Brayden Schenn. 1:47 of 1st period - Deflect By Zach Aston-Reese. 1:47 of 1st period - Shot Misses the Net. 1:49 of 1st period - Shot by Brayden Schenn. 1:49 of 1st period - Stopped by Jonathan Quick without a rebound. 1:50 of 1st period - Gerald Mayhew wins face-off versus Logan Couture in LOS ANGELES SEALS zone. 2:04 of 1st period - Icing by John Klingberg. 2:05 of 1st period - Gerald Mayhew wins face-off versus Mark Scheifele in COLORADO GLACIERCATS zone. 3:12 of 1st period - Brayden Schenn is hit by Logan Couture. 3:30 of 1st period - Shot by Zachary Sanford. 3:30 of 1st period - Shot Misses the Net. 4:00 of 1st period - Icing by Brayden Schenn. 4:01 of 1st period - Adam Lowry wins face-off versus Brayden Schenn in COLORADO GLACIERCATS zone. 4:06 of 1st period - Shot by Adam Lowry. 4:06 of 1st period - Stopped by Pekka Rinne with a rebound. 4:09 of 1st period - Minor Penalty to Ben Lovejoy for Interference. 4:09 of 1st period - Minor Penalty to Mathieu Perreault for Holding. 4:10 of 1st period - Erik Haula wins face-off versus Joe Pavelski in COLORADO GLACIERCATS zone. 4:11 of 1st period - Shot by Andreas Johnsson. 4:11 of 1st period - Stopped by Pekka Rinne without a rebound. 4:12 of 1st period - Brayden Schenn wins face-off versus Erik Haula in COLORADO GLACIERCATS zone. 4:33 of 1st period - Shot by Paul Byron. 4:33 of 1st period - Stopped by Jonathan Quick with a rebound. 4:48 of 1st period - Icing by Brandon Carlo. 4:49 of 1st period - Erik Haula wins face-off versus Zach Aston-Reese in LOS ANGELES SEALS zone. 5:12 of 1st period - Off-side. 5:13 of 1st period - Brayden Schenn wins face-off versus Justin Williams in neutral zone. 5:28 of 1st period - Shot by Brock Boeser. 5:28 of 1st period - Stopped by Pekka Rinne without a rebound. 5:29 of 1st period - Zach Aston-Reese wins face-off versus Justin Williams in COLORADO GLACIERCATS zone. 5:52 of 1st period - Shot by Joe Pavelski. 5:52 of 1st period - Shot Misses the Net. 5:58 of 1st period - Shot by Zach Aston-Reese. 5:58 of 1st period - Stopped by Jonathan Quick without a rebound. 5:59 of 1st period - Brayden Schenn wins face-off versus Erik Haula in LOS ANGELES SEALS zone. 6:34 of 1st period - Shot by Lucas Wallmark. 6:34 of 1st period - Shot Blocked by Esa Lindell. 7:12 of 1st period - Shot by Joe Pavelski. 7:12 of 1st period - Deflect By Paul Byron. 7:12 of 1st period - Shot Misses the Net. 7:24 of 1st period - Off-side. 7:25 of 1st period - Mark Scheifele wins face-off versus Devin Shore in neutral zone. 7:44 of 1st period - Icing by Nick Holden. 7:45 of 1st period - Mark Scheifele wins face-off versus Gerald Mayhew in LOS ANGELES SEALS zone. 8:08 of 1st period - Shot by Mark Scheifele. 8:08 of 1st period - Shot Misses the Net. 8:17 of 1st period - Joe Pavelski is hit by Nick Holden. 8:52 of 1st period - Shea Weber is hit by Nick Holden and loses puck. 9:07 of 1st period - Shot by Brayden Schenn. 9:07 of 1st period - Stopped by Jonathan Quick with a rebound. 9:24 of 1st period - Zach Aston-Reese is hit by Nick Holden and loses puck. 9:27 of 1st period - Shot by Shea Weber. 9:27 of 1st period - Shot Blocked by Shayne Gostisbehere. 9:29 of 1st period - Shot by Zach Aston-Reese. 9:29 of 1st period - Shot Misses the Net. 9:31 of 1st period - Shot by Shea Weber. 9:31 of 1st period - Stopped by Jonathan Quick without a rebound. 9:32 of 1st period - Logan Couture wins face-off versus Lucas Wallmark in LOS ANGELES SEALS zone. 10:14 of 1st period - Off-side. 10:15 of 1st period - Devin Shore wins face-off versus Adam Lowry in neutral zone. 10:25 of 1st period - Icing by Roman Polak. 10:26 of 1st period - Adam Lowry wins face-off versus Brayden Schenn in LOS ANGELES SEALS zone. 10:51 of 1st period - Shot by Zach Aston-Reese. 10:51 of 1st period - Stopped by Jonathan Quick with a rebound. 11:58 of 1st period - Shot by Logan Couture. 11:58 of 1st period - Stopped by Pekka Rinne without a rebound. 11:59 of 1st period - Lucas Wallmark wins face-off versus Andreas Johnsson in COLORADO GLACIERCATS zone. 11:59 of 1st period - Lucas Wallmark is hit by Andreas Johnsson. 12:08 of 1st period - Lucas Wallmark is hit by Brandon Carlo and loses puck. 12:31 of 1st period - Shot by Brock Boeser. 12:31 of 1st period - Stopped by Pekka Rinne with a rebound. 12:43 of 1st period - Icing by Nick Holden. 12:44 of 1st period - Adam Lowry wins face-off versus Gerald Mayhew in LOS ANGELES SEALS zone. 12:57 of 1st period - Shot by Colin White. 12:57 of 1st period - Stopped by Pekka Rinne without a rebound. 12:58 of 1st period - Jake DeBrusk wins face-off versus Devin Shore in COLORADO GLACIERCATS zone. 14:24 of 1st period - Shot by Paul Byron. 14:24 of 1st period - Shot Blocked by Roman Polak. 14:34 of 1st period - Shot by Paul Byron. 14:34 of 1st period - Shot Misses the Net. 14:36 of 1st period - Shot by Joe Pavelski. 14:36 of 1st period - Stopped by Jonathan Quick without a rebound. 14:37 of 1st period - Mark Scheifele wins face-off versus Brayden Schenn in LOS ANGELES SEALS zone. 14:51 of 1st period - Shot by Mark Scheifele. 14:51 of 1st period - Shot Misses the Net. 14:53 of 1st period - Shot by Nick Holden. 14:53 of 1st period - Stopped by Pekka Rinne with a rebound. 15:28 of 1st period - Icing by Ryan Ellis. 15:29 of 1st period - Logan Couture wins face-off versus Brayden Schenn in COLORADO GLACIERCATS zone. 15:32 of 1st period - Shot by Patrick Marleau. 15:32 of 1st period - Stopped by Pekka Rinne without a rebound. 15:33 of 1st period - Logan Couture wins face-off versus Gerald Mayhew in COLORADO GLACIERCATS zone. 15:34 of 1st period - Shot by Justin Williams. 15:34 of 1st period - Shot Misses the Net. 15:36 of 1st period - Shot by Justin Williams. 15:36 of 1st period - Stopped by Pekka Rinne without a rebound. 15:37 of 1st period - Gerald Mayhew wins face-off versus Logan Couture in COLORADO GLACIERCATS zone. 16:43 of 1st period - Shot by Brock Boeser. 16:43 of 1st period - Shot Misses the Net. 16:53 of 1st period - Icing by Mark Scheifele. 16:54 of 1st period - Brayden Schenn wins face-off versus Andreas Johnsson in LOS ANGELES SEALS zone. 16:58 of 1st period - Minor Penalty to Roman Polak for Delaying the game. 16:59 of 1st period - Adam Lowry wins face-off versus Carl Hagelin in LOS ANGELES SEALS zone. 17:31 of 1st period - Joe Pavelski is hit by Esa Lindell and loses puck. 18:11 of 1st period - Alex Goligoski is hit by Zach Aston-Reese and loses puck. 19:17 of 1st period - Shot by Tom Pyatt. 19:17 of 1st period - Stopped by Jonathan Quick with a rebound. Goals for this period are 0 for LOS ANGELES SEALS vs 0 for COLORADO GLACIERCATS. Shots for this period are 14 for LOS ANGELES SEALS vs 8 for COLORADO GLACIERCATS. 2nd period 0:01 of 2nd period - Gerald Mayhew wins face-off versus Logan Couture in neutral zone. 0:04 of 2nd period - Shot by Joe Pavelski. 0:04 of 2nd period - Stopped by Jonathan Quick without a rebound. 0:05 of 2nd period